Map: Lost and Found LE

Players

Gemini

  • Race: Protoss Protoss
  • League: Master
  • Spawn Location: 1:00

A.I. 1 (Very Easy) - Winner!

  • Race: Zerg Zerg
  • Spawn Location: 7:00

VOD

Have the link to the VOD?

Description

Time

  • Played on: July 23, 2018, 2:13 a.m.
  • Length: 6:23
Show
View Real Time Build Order
Export as new Build Order

Gemini Protoss 

Build Orders: 1 Gate Expand 

Get SALT Encoding   

  12  0:01  Probe  
  13  0:13  Probe  
  14  0:17  Pylon  
  14  0:24  Probe  
  15  0:32  Probe  
  15  0:37  Gateway  
  15  0:40  Probe  
  16  0:47  Assimilator  
  17  0:51  Probe  
  18  1:03  Probe  
  19  1:15  Probe  
  20  1:23  Nexus  
  20  1:34  Cybernetics Core  
  20  1:36  Probe  
  21  1:43  Assimilator  
  21  1:48  Probe  
  21  1:51  Pylon  
  22  2:00  Probe  
  23  2:01  Adept  
  23  2:13  Probe  
  26  2:23  Warp Gate  
  26  2:25  Probe  
  26  2:28  Stalker  
  29  2:34  Robotics Facility  
  29  2:35  Probe  
  29  2:36  Probe  
  29  2:43  Probe  
  31  2:44  Probe  
  33  2:52  Probe  
  33  2:53  Probe  
  33  2:58  Adept  
  37  3:05  Probe  
  38  3:06  Probe  
  38  3:11  Immortal  
  39  3:13  Pylon  
  39  3:17  Probe  
  39  3:18  Probe  
  45  3:29  Probe  
  45  3:31  Probe  
  47  3:34  Gateway  
  47  3:37  Assimilator  
  47  3:40  Assimilator  
  47  3:41  Probe  
  48  3:43  Immortal, Probe  
  49  3:48  Pylon  
  49  3:54  Probe  
  54  4:06  Probe  
  54  4:07  Sentry  
  54  4:08  Probe, Pylon  
  58  4:14  Warp Prism  
  58  4:16  Gateway  
  58  4:17  Gateway  
  58  4:19  Probe  
  58  4:20  Probe  
  62  4:34  Gateway  
  62  4:37  Gateway  
  62  4:42  Pylon  
  62  4:44  Observer  
  62  4:46  Sentry x2  
  67  4:56  Immortal  
  67  4:59  Gateway  
  67  5:00  Gateway, Pylon  
  67  5:13  Sentry x3  
  77  5:17  Sentry  
  77  5:18  Pylon  
  79  5:29  Pylon  
  79  5:35  Sentry x2  
  83  5:37  Sentry  
  85  5:45  Pylon  
  85  5:56  Zealot x5  
  95  6:00  Stalker x3  
  101  6:17  Stalker x4  
Show
View Real Time Build Order
Export as new Build Order

A.I. 1 (Very Easy) Zerg - Winner!

Build Orders: Pool Only 

Get SALT Encoding   

  12  0:00  Drone  
  13  0:12  Overlord  
  13  0:16  Drone  
  14  0:34  Spawning Pool  
  13  0:36  Drone  
  13  0:41  Extractor  
  13  0:44  Drone  
  14  0:52  Overlord  
  14  1:21  Queen  
  14  1:22  Zergling x2  
  17  1:29  Roach Warren  
  17  1:31  Extractor  
  15  1:34  Drone  
  16  1:41  Drone  
  17  1:51  Zergling x2  
  18  1:58  Drone  
  19  2:06  Drone  
  20  2:17  Drone  
  20  2:19  Zergling x2  
  22  2:28  Overlord, Drone  
  23  2:35  Drone  
  24  2:42  Drone  
  25  2:48  Roach  
Tags
 
Add a new tag
Caveats
  • Supply blocks, unpowered buildings, or Contaminate may cause inaccurate times.
  • Supply counts are checked every 10 seconds.